 Dungeon Crawl Stone Soup version 0.17-a0-1481-gfdcec5c (webtiles) character file.

51 DarthRa the Charlatan (level 3, -7/30 HPs)
             Began as a Deep Dwarf Artificer on July 4, 2015.
             Killed themself with a badly aimed fireball (17 damage)
             ... on level 1 of the Dungeon.
             The game lasted 00:07:49 (1263 turns).

DarthRa the Charlatan (Deep Dwarf Artificer)        Turns: 1263, Time: 00:07:50

Health: -7/30      AC:  2    Str: 14    XL:     3   Next: 57%
Magic:  6/6        EV: 14    Int: 12    God:
Gold:   96         SH:  0    Dex: 14    Spells: 0 memorised, 2 levels left

rFire  . . .     SeeInvis +     a - +0 short sword
rCold  . . .     Clarity  .     j - +0 robe (curse)
rNeg   . . .     SustAt   .     (no shield)
rPois  .         Gourm    .     (no helmet)
rElec  .         Spirit   .     (no cloak)
rCorr  .         Warding  .     (no gloves)
rMut   .         Stasis   .     (no boots)
MR     .....                    (no amulet)
Stlth  ++........               (no ring)
                                o - ring of see invisible

@: non-regenerating, not resistant to hostile enchantments, unstealthy
A: damage resistance, recharge devices, sense surroundings 1, slow healing 3
a: Device Recharging


You were on level 1 of the Dungeon.
You were not hungry.

You visited 1 branch of the dungeon, and saw 2 of its levels.

You collected 96 gold pieces.

Inventory:

Hand weapons
 a - a +0 short sword (weapon)
Missiles
 m - 52 stones (quivered)
Armour
 b - a +0 leather armour
 j - a cursed +0 robe (worn)
Jewellery
 o - a ring of see invisible (left hand)
Magical devices
 c - a wand of flame (12)
 d - a wand of enslavement (15)
 e - a wand of random effects (9)
 f - a wand of heal wounds (3)
Scrolls
 k - 2 scrolls of immolation {unknown}
 l - a scroll of remove curse {unknown}
 n - a scroll of fear {unknown}
Potions
 i - 2 potions of curing {unknown}
 p - a potion of brilliance {unknown}
 q - a potion of heal wounds {unknown}
Comestibles
 g - 2 bread rations
 h - 2 chunks of flesh


   Skills:
 - Level 0.8 Fighting
 - Level 0.8 Short Blades
 * Level 3.9 Dodging
 + Level 2.6 Stealth
 - Level 4.0 Evocations


You had 2 spell levels left.
You didn't know any spells.

Dungeon Overview and Level Annotations

Branches:
Dungeon (2/15)

Altars:

Annotations:
D:1 Terence
D:2 Jessica


Innate Abilities, Weirdness & Mutations

You are resistant to damage.
You can recharge devices by infusing magical energy.
You passively map a small area around you.
You do not heal naturally.


Message History

There is an escape hatch in the ceiling here.
The bat hits you but does no damage. Terence hits you with a flail.
A mysterious force pulls you upwards. The hatch slams shut behind you.
You hit Terence.
Terence is moderately wounded.
Terence barely misses you.
You hit Terence but do no damage.
Terence is moderately wounded.
You hit Terence but do no damage.
Terence is moderately wounded.
Terence hits you with a flail!
Evoke which item? (* to show all) (? for menu, Esc to quit)
Zapping:
e - a wand of random effects (9)
Press: ? - help, Shift-Dir - straight line, f - Terence
Aim: Terence, wielding a flail and wearing a scale mail (moderately wounded)
The fireball explodes!
The fireball engulfs Terence.
Terence is almost dead.
The fireball engulfs you!
Ouch! That really hurt!
You die...

#..........##.........
######..........##.........
#............รท..##.........
#####...............##.........
#...'...............##.########
#.###..................# ###.#
#...).########'#.#.# ....#
#.....########.#.###
########.#......@@...#.#####
......)..#.###########.....######
##########.###############.#.....
# #.#...........# #.#.#... #
#.#.#...#####.# #.#.#... #
#.#.#...# #.# #)#.#... #
#.#.#...# #.# #.#.#.## #
#.#.#...# #.# #.#.#.# # #.#.+...#
#.# #.#.#.#


You could see Terence.

Vanquished Creatures
  3 adders (D:2)
  A giant gecko (D:1)
  3 goblins
  4 hobgoblins
  4 kobolds
  4 bats
  4 rats
23 creatures vanquished.

Notes
Turn   | Place    | Note
--------------------------------------------------------------
     0 | D:1      | DarthRa the Deep Dwarf Artificer began the quest for the Orb.
     0 | D:1      | Reached XP level 1. HP: 16/16 MP: 3/3
   411 | D:1      | Reached XP level 2. HP: 12/24 MP: 5/5
  1085 | D:2      | Reached XP level 3. HP: 17/30 MP: 6/6
  1247 | D:2      | Noticed Terence
  1247 | D:2      | Noticed Jessica
  1263 | D:1      | Killed themself with a badly aimed fireball

Vault maps used:
D:1:      dpeg_arrival_fog
D:2:      uniq_sigmund, uniq_terence, uniq_jessica

Action                   || total
-------------------------++-------
Melee: Short sword       ||   115
Throw: Stone             ||    17
Evoke: Wand              ||    11
 Stab: Sleeping          ||     1
  Eat: Chunk             ||     1
